 Dungeon Crawl Stone Soup version 0.28.0 (webtiles) character file.

Game seed: 5432364040352304792

210 mopl the Chopper (level 5, -1/47 HPs)
             Began as a Hill Orc Fighter on Feb 16, 2022.
             Slain by an ogre (25 damage)
             ... on level 4 of the Dungeon.
             The game lasted 00:02:44 (2551 turns).

mopl the Chopper (Hill Orc Fighter)                 Turns: 2551, Time: 00:02:44

Health: -1/47      AC:  8    Str: 24    XL:     5   Next: 87%
Magic:  5/5        EV: 10    Int:  8    God:
Gold:   72         SH:  4    Dex: 10    Spells: 4/4 levels left

rFire   . . .      SeeInvis +   o - +9 trident of Execution {elec, Str+3 SInv Stlth+}
rCold   . . .      Faith    .   c - +0 buckler
rNeg    . . .      Spirit   .   b - +0 scale mail
rPois   .          Reflect  .   (no helmet)
rElec   .          Harm     .   p - +0 cloak
rCorr   .          Rampage  .   (no gloves)
Will    .....                   (no boots)
Stlth   +.........              (no amulet)
HPRegen 0.15/turn               (no ring)
MPRegen 0.09/turn               (no ring)

@: no status effects
A: no striking features
a: no special abilities


You were on level 4 of the Dungeon.
You visited 1 branch of the dungeon, and saw 4 of its levels.

You collected 111 gold pieces.
You spent 39 gold pieces at shops.

Inventory:

Hand Weapons
 a - a +0 war axe
 o - the +9 trident of Execution (weapon) {elec, Str+3 SInv Stlth+}
   (You found it on level 3 of the Dungeon)

   It occasionally discharges a powerful burst of electricity upon striking a
   foe.
   Str:       It affects your strength (+3).
   SInv:      It lets you see invisible.
   Stlth:     It makes you more stealthy.
Missiles
 l - 5 poisoned darts (quivered)
Armour
 b - a +0 scale mail (worn)
 c - a +0 buckler (worn)
 p - a +0 cloak (worn)
Jewellery
 q - a ring of fire
Wands
 k - a wand of flame (35)
Scrolls
 g - a scroll of blinking {unknown}
 i - 2 scrolls of teleportation {unknown}
 j - a scroll of identify {unknown}
 n - 3 scrolls of enchant armour {unknown}
 r - a scroll of vulnerability {unknown}
Potions
 d - 4 potions of might
 e - 2 potions of curing
 f - a potion of cancellation {unknown}
 h - a potion of lignification {unknown}
 m - a potion of flight {unknown}
 s - a potion of heal wounds {unknown}


   Skills:
 + Level 4.7 Fighting
 * Level 5.3 Axes
 + Level 4.2 Armour
 + Level 1.7 Dodging
 - Level 3.2 Shields


You had 4 spell levels left.
You didn't know any spells.
Your spell library contained the following spells:

 Spells                   Type           Power      Damage    Failure   Level
 Static Discharge         Conj/Air       0%         N/A       90%         2
 Call Canine Familiar     Summ           0%         N/A       99%         3
 Portal Projectile        Hex/Tloc       0%         N/A       99%         3
 Dispel Undead            Necr           0%         3d6       100%        4
 Leda's Liquefaction      Hex/Erth       0%         N/A       100%        4
 Sticky Flame             Conj/Fire      0%         2d3       100%        4


Dungeon Overview and Level Annotations

Branches:
Dungeon (4/15)
 Temple: D:4-7

Altars:
Ru

Shops:
D:4 !


Message History

The hound skeleton completely misses you.
You hit the hound skeleton.
The hound skeleton is severely damaged.
The hound skeleton bites you but does no damage. x2
You barely miss the hound skeleton.
The hound skeleton is severely damaged.
You block the hound skeleton's attack.
You puncture the hound skeleton!
You destroy the hound skeleton!
No target in view!
No target in view!
No target in view!
No target in view!
No target in view!
No target in view!
No target in view!
No target in view!
No target in view!
No target in view!
No target in view!
Found a red potion.
Things that are here:
a +0 dagger; a goblin corpse
Found 25 stones.
s - a red potion You now have 72 gold pieces (gained 4).
An ogre comes into view. It is wielding a +0 giant club.
An ogre is nearby!
You reach to attack!
You barely miss the ogre. You puncture the ogre!
The ogre is heavily wounded.
The ogre barely misses you.
You puncture the ogre!
The ogre is severely wounded.
The ogre hits you with a +0 giant club!!
You hit the ogre.
The ogre is almost dead.
The ogre hits you with a +0 giant club!!
Ouch! That really hurt!
You die...

#.
#.####.###.##.#.#
#...............#
##.###.##.#.#.##
....(...)...#...
##.#.##.#.#.#.#
#........#...#
...#.#......#.##.#
#.#......#.#....#
#...#.....@O.##.
#.#.#.#.##.#.# ..
#........(... #
#.#.##.###.##..
..... ... ... .#
#.#.##.###. ##. #
#.#. #. . . .


You could see an ogre.

Vanquished Creatures
  Crazy Yiuf (D:3)
  An orc wizard (D:3)
  A scorpion zombie (D:3)
  A hound skeleton (D:4)
  3 adders (D:2)
  An adder skeleton (D:4)
  2 worms (D:2)
  3 dart slugs
  3 orcs
  3 ball pythons
  7 endoplasms
  4 giant cockroaches
  7 hobgoblins
  2 jackals (D:1)
  4 kobolds
  5 quokkas
  7 bats
  4 frilled lizards
  8 goblins
  5 rats (D:1)
72 creatures vanquished.

Notes
Turn   | Place    | Note
-------+----------+-------------------------------------------
     0 | D:1      | mopl the Hill Orc Fighter began the quest for the Orb.
     0 | D:1      | Reached XP level 1. HP: 19/19 MP: 1/1
    75 | D:1      | Reached skill level 3 in Axes
    91 | D:1      | Reached XP level 2. HP: 16/27 MP: 2/2
   504 | D:1      | Reached XP level 3. HP: 33/33 MP: 3/3
   562 | D:1      | Reached skill level 4 in Fighting
   619 | D:1      | Found a faded altar of an unknown god.
   928 | D:2      | Reached skill level 4 in Axes
   928 | D:2      | Reached skill level 1 in Dodging
   963 | D:2      | Reached XP level 4. HP: 22/40 MP: 4/4
  1461 | D:3      | Identified the +9 trident of Execution {elec, Str+3 SInv
                  | Stlth+}
  1580 | D:3      | Found a sacrificial altar of Ru.
  1676 | D:3      | Reached XP level 5. HP: 39/47 MP: 5/5
  1689 | D:2      | Reached skill level 4 in Armour
  1923 | D:3      | Reached skill level 5 in Axes
  2008 | D:3      | Found a runed translucent door.
  2009 | D:3      | Noticed Crazy Yiuf
  2015 | D:3      | Killed Crazy Yiuf
  2482 | D:4      | Found Uchunuwi's Distillery.
  2497 | D:4      | Bought a potion of curing for 39 gold pieces
  2545 | D:4      | Noticed an ogre
  2551 | D:4      | Slain by an ogre

Illustrated notes

Levels and vault maps discovered:
D:1:      minmay_arrival_doors, layout_basic,
          hellmonk_ecumenical_altar_prayer_group
D:2:      layout_rooms
D:3:      minmay_general_purpose_star, layout_basic, nicolae_ru_awakened_eye,
          uniq_crazy_yiuf_cottage
D:4:      minmay_recursive_quarters, layout_gridville,
          minmay_temple_entry_nine_rooms, serial_shops, shop,
          hangedman_abyss_or_decor_lesser_grid, minmay_diced_spiral,
          uniq_blork_the_orc

Skill      XL: |  1  2  3  4  5 |
---------------+----------------+-----
Axes           | 3 4 5 |  5.3
Fighting       | 4 |  4.7
Dodging        | 1 |  1.7
Armour         | 4 |  4.2
Shields        | |  3.2

Action                   |  1- 3 |  4- 6 || total
-------------------------+-------+-------++-------
Melee: War axe           |   111 |    31 ||   142
       Trident           |       |    49 ||    49
Armor: Scale mail        |    47 |    26 ||    73
Dodge: Dodged            |    62 |    32 ||    94
Block: Buckler           |    21 |    18 ||    39
